Workbook

Sheet MENU PLANILHA
A1: PRÓ-REITORIA DE ADMINISTRAÇÃO
A2: COORDENAÇÃO DE CONTRATOS
A4: Contratação de empresa para prestação de serviços continuados de Apoio Operacional, com regime de dedicação exclusiva de mão de obra, para apoio EAD do CEAD/UFF (Niterói e interior do estado do RJ.)
A5: LOTE 1 - MÃO DE OBRA EAD
E15: dos Equipamentos (preenchimento licitante)

Sheet Anexo II-A Endereço
A1: PRÓ-REITORIA DE ADMINISTRAÇÃO
A2: COORDENAÇÃO DE CONTRATOS
A4: Anexo II - A - ENDEREÇO DAS UNIDADES
A5: Contratação de empresa para prestação de serviços continuados de Apoio Operacional, com regime de dedicação exclusiva de mão de obra, para apoio EAD do CEAD/UFF (Niterói e interior do estado do RJ.)
A7: ITEM | B7: LOCAL | C7: ENDEREÇO
A8: 1 | B8: Pró-Reitoria de Graduação (PROGRAD) | C8: Campus Reitoria, Icaraí, Niterói, RJ;
A9: 2 | B9: Coordenação de Educação a Distância (CEAD), | C9: Campus do Valonguinho, Niterói, RJ;
A10: 3 | B10: Coordenação do Curso de Graduação em Matemática à Distância (GMD/IME) | C10: Campus Universitário do Valonguinho, Centro, Niterói, RJ;
A11: 4 | B11: Coordenação do Curso de Graduação em Tecnologia em Sistemas de Computação | C11: Campus da Praia Vermelha, ingá, Niterói, RJ;
A12: 5 | B12: Coordenação do Curso de Graduação em Letras à Distância | C12: Campus Universitário do Gragoatá, São Domingos, Niterói, RJ;
A13: 6 | B13: Coordenação do Curso de Tecnologia em Segurança Pública | C13: Campus Universitário do Valonguinho, Centro, Niterói, RJ;
A14: 7 | B14: Coordenação do Curso de graduação em Engenharia de Produção | C14: Campus Universitário da Praia Vermelha, Ingá, Niterói, RJ;
A15: 8 | B15: Núcleo Avançado de Novas Tecnologias no Ensino (NANTE/PROEX) | C15: Campus Universitário do Valonguinho, Centro, Niterói, RJ
A16: 9 | B16: Coordenação dos Cursos de Graduação em Administração Pública e Especialização em Gestão Pública, Gestão Pública Municipal e Gestão da Saúde Pública | C16: Escola de Ciências Humanas e Sociais de Volta Redonda - Av. dos Trabalhadores, 420 – Vila Santa Cecília , Volta Redonda, RJ

Sheet Anexo II-B Salários
A1: PRÓ-REITORIA DE ADMINISTRAÇÃO
A2: COORDENAÇÃO DE CONTRATOS
A4: Anexo II - B - Composição dos salários
A5: Contratação de empresa para prestação de serviços continuados de Apoio Operacional, com regime de dedicação exclusiva de mão de obra, para apoio EAD do CEAD/UFF (Niterói e interior do estado do RJ.)
A7: Item | B7: Descrição/Especificação | C7: Quantidade de Pessoal | D7: VALOR DE MERCADO
A8: 1 | B8: Analista de Suporte Técnico em EAD | C8: 3 | D8: 1900
A9: 2 | B9: Analista de Gestão de EAD | C9: 5 | D9: 2500
A10: 3 | B10: Analista de Desenvolvimento de Sistemas com ênfase em plataforma EAD | C10: 6 | D10: 3500
A11: 4 | B11: Analista de Implementação em Soluções de EAD | C11: 3 | D11: 5500
A12: TOTAL | C12: =SUM(C8:C11) -> 17

Sheet Anexo III Uniformes
A1: PRÓ-REITORIA DE ADMINISTRAÇÃO
A2: COORDENAÇÃO DE CONTRATOS
A4: Anexo III - PLANILHA DE COMPOSIÇÃO DE CUSTOS E FORMAÇÃO DE PREÇOS
A5: Contratação de empresa para prestação de serviços continuados de Apoio Operacional, com regime de dedicação exclusiva de mão de obra, para apoio EAD do CEAD/UFF (Niterói e interior do estado do RJ.)
A9: COMPOSIÇÃO DE CUSTO DE UNIFORME PARA TODOS OS POSTOS
A10: ITEM | B10: DISCRIMINAÇÃO UNIFORME | C10: ITEM | D10: QUANT.INICIAL | E10: QT. SEMESTRE | F10: QUANT. ANUAL | G10: VALOR UNITÁRIO | H10: VALOR TOTAL
A11: 1 | B11: Camiseta Golo Polo Branco, 100% algodão, com emblema da empresa fixado no bolso, e a Informação A SERVIÇO DA UFF, na parte de trás | C11: unid. | D11: 3 | E11: 3 | F11: =D11+E11 -> 6 | G11: 42.68 | H11: =G11*F11 -> 256.08
A12: 2 | B12: Crachá com cordão e fototransparente. | C12: unid. | D12: 1 | E12: 0 | F12: =D12+E12 -> 1 | G12: 5.7 | H12: =G12*F12 -> 5.7
B13: Valor anual por funcionário | H13: =SUM(H11:H12) -> 261.78
B14: Valor mensal por funcionário | H14: =H13/12 -> 21.815

Sheet An IV A Custo G1
A1: PRÓ-REITORIA DE ADMINISTRAÇÃO
A2: COORDENAÇÃO DE CONTRATOS
A4: Anexo IV-A - FORMAÇÃO CUSTOS POSTOS GRUPO 1
A5: Contratação de empresa para prestação de serviços continuados de Apoio Operacional, com regime de dedicação exclusiva de mão de obra, para apoio EAD do CEAD/UFF (Niterói e interior do estado do RJ.)
A6: MÃO-DE-OBRA VINCULADA À EXECUÇÃO CONTRATUAL
A7: Dados para composição dos custos referentes a mão de obra
A8: Regime tributário da Licitante | C8: Documento Comprobatório *Anexar Comprovante
A11: ACT/CCT/DCT inclusive aditivos se houver
A12: Entidade Sindical da Empresa
A13: Entidade Sindical dos Empregados
A14: Número de Registro
A15: Início Vigência
A16: Fim Vigência
A18: Descrição Cargos
A19: Dias/Mês | B19: Posto | C19: CBO | D19: Salário
A20: 20.88 | B20: Analista de Suporte Técnico em EAD | C20: 3172 | D20: ='Anexo II-B Salários'!D8 -> 1900
A21: 20.88 | B21: Analista de Gestão de EAD | C21: 2124 | D21: ='Anexo II-B Salários'!D9 -> 2500
A22: 20.88 | B22: Analista de Desenvolvimento de Sistemas com ênfase em plataforma EAD | C22: 3171 | D22: ='Anexo II-B Salários'!D10 -> 3500
A23: 20.88 | B23: Analista de Implementação em Soluções de EAD | C23: 2124 | D23: ='Anexo II-B Salários'!D11 -> 5500
A25: MÓDULO 1 : COMPOSIÇÃO DA REMUNERAÇÃO | D25: Analista Suporte | E25: Analista Gestão | F25: Analista Desenvolvimento | G25: Analista de Implementação
A26: 1 | B26: Composição da Remuneração | D26: Valor(R$) | E26: Valor(R$) | F26: Valor(R$) | G26: Valor(R$)
A27: A | B27: Salário Base | D27: =D20 -> 1900 | E27: =D21 -> 2500 | F27: =D22 -> 3500 | G27: =D23 -> 5500
A28: B | B28: Adicional de Periculosidade
A29: C | B29: Adicional de Insalubridade (20% Grau médio NR 15)
A30: D | B30: Adicional Noturno
A31: E | B31: Adicional de Hora Noturna Reduzida
A32: F | B32: Gratificação Liderança (15% ou 30%) (Cláusula 16ª CCT)
B33: Total de Remuneração | D33: =SUM(D27:D32) -> 1900 | E33: =SUM(E27:E32) -> 2500 | F33: =SUM(F27:F32) -> 3500 | G33: =SUM(G27:G32) -> 5500
A35: MÓDULO 2: ENCARGOS E BENEFÍCIOS ANUAIS, MENSAIS E DIÁRIOS | D35: Analista Suporte | E35: Analista Gestão | F35: Analista Desenvolvimento | G35: Analista de Implementação
A36: Submódulo 2.1 - 13º (décimo terceiro) Salário, Férias e Adicional de Férias | D36: Valor(R$) | E36: Valor(R$) | F36: Valor(R$) | G36: Valor(R$)
A37: A | B37: 13º (décimo terceiro) Salário | D37: =D33*8.33% -> 158.27 | E37: =E33*8.33% -> 208.25 | F37: =F33*8.33% -> 291.55 | G37: =G33*8.33% -> 458.15
A38: B | B38: Férias e Adicional de Férias | D38: =D33*12.1% -> 229.9 | E38: =E33*12.1% -> 302.5 | F38: =F33*12.1% -> 423.5 | G38: =G33*12.1% -> 665.5
B39: Total | D39: =SUM(D37:D38) -> 388.17 | E39: =SUM(E37:E38) -> 510.75 | F39: =SUM(F37:F38) -> 715.05 | G39: =SUM(G37:G38) -> 1123.65
A40: C | B40: Incidência do Submódulo 2.2 - Encargos previdenciários (GPS), FGTS e outras contribuições (Cálculo sobre a remuneração, pois será adotada a Conta Vinculada) | D40: =D33*7.82% -> 148.58 | E40: =E33*7.82% -> 195.5 | F40: =F33*7.82% -> 273.7 | G40: =G33*7.82% -> 430.1
A42: Submódulo 2.2 - Encargos Previdenciários (GPS), Fundo de Garantia por Tempo de Serviço (FGTS) e outras contribuições | D42: Analista Suporte | E42: Analista Gestão | F42: Analista Desenvolvimento | G42: Analista de Implementação
A43: 2.2 | B43: GPS, FGTS e outras contribuições | C43: % | D43: Valor(R$) | E43: Valor(R$) | F43: Valor(R$) | G43: Valor(R$)
A44: A | B44: INSS | C44: 20 | D44: =(D33*($C$44/100)) -> 380 | E44: =(E33*($C$44/100)) -> 500 | F44: =(F33*($C$44/100)) -> 700 | G44: =(G33*($C$44/100)) -> 1100
A45: B | B45: Salário Educação | C45: 2.5 | D45: =(D33*($C$45/100)) -> 47.5 | E45: =(E33*($C$45/100)) -> 62.5 | F45: =(F33*($C$45/100)) -> 87.5 | G45: =(G33*($C$45/100)) -> 137.5
A46: C | B46: Seguro acidente do trabalho | C46: 6 | D46: =(D$33*($C$46/100)) -> 114 | E46: =(E$33*($C$46/100)) -> 150 | F46: =(F$33*($C$46/100)) -> 210 | G46: =(G$33*($C$46/100)) -> 330
A47: D | B47: SESI ou SESC | C47: 1.5 | D47: =(D$33*($C$47/100)) -> 28.5 | E47: =(E$33*($C$47/100)) -> 37.5 | F47: =(F$33*($C$47/100)) -> 52.5 | G47: =(G$33*($C$47/100)) -> 82.5
A48: E | B48: SENAI ou SENAC | C48: 1 | D48: =(D$33*($C$48/100)) -> 19 | E48: =(E$33*($C$48/100)) -> 25 | F48: =(F$33*($C$48/100)) -> 35 | G48: =(G$33*($C$48/100)) -> 55
A49: F | B49: SEBRAE | C49: 0.6 | D49: =(D$33*($C$49/100)) -> 11.4 | E49: =(E$33*($C$49/100)) -> 15 | F49: =(F$33*($C$49/100)) -> 21 | G49: =(G$33*($C$49/100)) -> 33
A50: G | B50: INCRA | C50: 0.2 | D50: =(D$33*($C$50/100)) -> 3.8 | E50: =(E$33*($C$50/100)) -> 5 | F50: =(F$33*($C$50/100)) -> 7 | G50: =(G$33*($C$50/100)) -> 11
A51: H | B51: FGTS | C51: 8 | D51: =(D$33*($C$51/100)) -> 152 | E51: =(E$33*($C$51/100)) -> 200 | F51: =(F$33*($C$51/100)) -> 280 | G51: =(G$33*($C$51/100)) -> 440
B52: TOTAL | C52: =SUM(C44:C51) -> 39.8 | D52: =SUM(D44:D51) -> 756.2 | E52: =SUM(E44:E51) -> 995 | F52: =SUM(F44:F51) -> 1393 | G52: =SUM(G44:G51) -> 2189
B53: Itens não aplicáveis a Optantes do SIMPLES
A55: Submódulo 2.3 - Benefícios Mensais e Diários | D55: Analista Suporte | E55: Analista Gestão | F55: Analista Desenvolvimento | G55: Analista de Implementação
A56: 2.3 | B56: Benefícios Mensais e Diários | D56: Valor(R$) | E56: Valor(R$) | F56: Valor(R$) | G56: Valor(R$)
A57: A | B57: Transporte -Cláusula 23ª da CCT - considerando 2 passagens/dia (BUI) - Benefício para renda mensal inferior ou igual a R$3.205,20 | D57: =(8.55*2*A20)-(6%*D20) -> 243.048 | E57: =(8.55*2*A21)-(6%*D21) -> 207.048
A58: B | B58: Ticket Alimentação - Cláusula 22ª da CCT | D58: =(23.5*A20)-(23.5*A20*10%) -> 441.612 | E58: =(23.5*A21)-(23.5*A21*10%) -> 441.612 | F58: =(23.5*A22)-(23.5*A22*10%) -> 441.612 | G58: =(23.5*A23)-(23.5*A23*10%) -> 441.612
A59: C | B59: Benefício Assistencial | D59: =F53 -> 0 | E59: =G53 -> 0 | G59: =H53 -> 0
A60: D | B60: Outros (Social Familiar) - Cláusula 28ª da CCT | D60: 20.15 | E60: 20.15 | F60: 20.15 | G60: 20.15
B61: Total de Benefícios Mensais e Diários | D61: =SUM(D57:D60) -> 704.81 | E61: =SUM(E57:E60) -> 668.81 | F61: =SUM(F57:F60) -> 461.762 | G61: =SUM(G57:G60) -> 461.762
A63: Quadro-Resumo do Módulo 2 - Encargos e Benefícios anuais, mensais e diários | D63: Analista Suporte | E63: Analista Gestão | F63: Analista Desenvolvimento | G63: Analista de Implementação
A64: 2 | B64: Encargos e Benefícios Anuais, Mensais e Diários | D64: Valor (R$) | E64: Valor (R$) | F64: Valor (R$) | G64: Valor (R$)
A65: 2.1 | B65: 13º (décimo terceiro) Salário, Férias e Adicional de Férias | D65: =D39 -> 388.17 | E65: =E39 -> 510.75 | F65: =F39 -> 715.05 | G65: =G39 -> 1123.65
A66: 2.2 | B66: GPS, FGTS e outras contribuições | D66: =D52+D40 -> 904.78 | E66: =E52+E40 -> 1190.5 | F66: =F52+F40 -> 1666.7 | G66: =G52+G40 -> 2619.1
A67: 2.3 | B67: Benefícios Mensais e Diários | D67: =D61 -> 704.81 | E67: =E61 -> 668.81 | F67: =F61 -> 461.762 | G67: =G61 -> 461.762
B68: Total | D68: =SUM(D65:D67) -> 1997.76 | E68: =SUM(E65:E67) -> 2370.06 | F68: =SUM(F65:F67) -> 2843.512 | G68: =SUM(G65:G67) -> 4204.512
A70: MÓDULO 3: PROVISÃO PARA RESCISÃO | D70: Analista Suporte | E70: Analista Gestão | F70: Analista Desenvolvimento | G70: Analista de Implementação
A71: 3 | B71: Provisão para Rescisão | D71: Valor(R$) | E71: Valor(R$) | F71: Valor(R$) | G71: Valor(R$)
A72: A | B72: Aviso prévio indenizado | D72: =((D33+D37+D38)/12)*5% -> 9.5340417 | E72: =((E33+E37+E38)/12)*5% -> 12.544792 | F72: =((F33+F37+F38)/12)*5% -> 17.562708 | G72: =((G33+G37+G38)/12)*5% -> 27.598542
A73: B | B73: Incidência do FGTS sobre o Aviso Prévio Indenizado | D73: =((D33+D37)/12)*5%*8% -> 0.68609 | E73: =((E33+E37)/12)*5%*8% -> 0.90275 | F73: =((F33+F37)/12)*5%*8% -> 1.26385 | G73: =((G33+G37)/12)*5%*8% -> 1.98605
A74: C | B74: Multa do FGTS e contribuição social sobre o aviso prévio indenizado | D74: 0 | E74: 0 | F74: 0 | G74: 0
A75: D | B75: Aviso prévio trabalhado | D75: =(((D33+D59)/30/12)*7) -> 36.944444 | E75: =(((E33+E59)/30/12)*7) -> 48.611111 | F75: =(((F33+F59)/30/12)*7) -> 68.055556 | G75: =(((G33+G59)/30/12)*7) -> 106.94444
A76: E | B76: Incidência de GPS, FGTS e outras contribuições sobre o aviso prévio trabalhado | D76: =(D33/30/12*7)*8% -> 2.9555556 | E76: =(E33/30/12*7)*8% -> 3.8888889 | F76: =(F33/30/12*7)*8% -> 5.4444444 | G76: =(G33/30/12*7)*8% -> 8.5555556
A77: F | B77: Multa do FGTS e contribuição social sobre o aviso prévio trabalhado | D77: =D33*4% -> 76 | E77: =E33*4% -> 100 | F77: =F33*4% -> 140 | G77: =G33*4% -> 220
B78: TOTAL | D78: =SUM(D72:D77) -> 126.12013 | E78: =SUM(E72:E77) -> 165.94754 | F78: =SUM(F72:F77) -> 232.32656 | G78: =SUM(G72:G77) -> 365.08459
A80: MÓDULO 4: CUSTO DE REPOSIÇÃO DO PROFISSIONAL AUSENTE | D80: Analista Suporte | E80: Analista Gestão | F80: Analista Desenvolvimento | G80: Analista de Implementação
A81: 4.1 | B81: Submódulo 4.1. Ausências legais | D81: Valor(R$) | E81: Valor(R$) | F81: Valor(R$) | G81: Valor(R$)
A82: A | B82: Substituto na cobertura de férias | D82: 0 | E82: 0 | F82: 0 | G82: 0
A83: B | B83: Substituto na cobertura de Ausências legais | D83: =(((D33+D68+D78+D86+D107)-(D57-D58-D104-D105))/30*2.96)/12 -> 34.972264 | E83: =(((E33+E68+E78+E86+E107)-(E57-E58-E104-E105))/30*2.96)/12 -> 43.613717 | F83: =(((F33+F68+F78+F86+F107)-(F57-F58-F104-F105))/30*2.96)/12 -> 58.016137 | G83: =(((G33+G68+G78+G86+G107)-(G57-G58-G104-G105))/30*2.96)/12 -> 86.820977
A84: C | B84: Substituto na cobertura de Licença paternidade | D84: =(((D33+D68+D78+D86+D107)-(D57-D58-D104-D105))/30*5*1.5%)/12 -> 0.88612156 | E84: =(((E33+E68+E78+E86+E107)-(E57-E58-E104-E105))/30*5*1.5%)/12 -> 1.1050773 | F84: =(((F33+F68+F78+F86+F107)-(F57-F58-F104-F105))/30*5*1.5%)/12 -> 1.4700035 | G84: =(((G33+G68+G78+G86+G107)-(G57-G58-G104-G105))/30*5*1.5%)/12 -> 2.1998558
A85: D | B85: Substituto na cobertura de Ausência por Acidente de trabalho | D85: =(((D33+D68+D78+D86+D107)-(D57-D58-D104-D105))/30*15*0.78%)/12 -> 1.3823496 | E85: =(((E33+E68+E78+E86+E107)-(E57-E58-E104-E105))/30*15*0.78%)/12 -> 1.7239206 | F85: =(((F33+F68+F78+F86+F107)-(F57-F58-F104-F105))/30*15*0.78%)/12 -> 2.2932054 | G85: =(((G33+G68+G78+G86+G107)-(G57-G58-G104-G105))/30*15*0.78%)/12 -> 3.4317751
A86: E | B86: Substituto na cobertura de Afastamento Maternidade | D86: =(((D38*3.95/12)+(D60*3.95*1.02%))/12+((D33+D37)*39.8%*3.95)*1.02%/12) -> 9.1243737 | E86: =(((E38*3.95/12)+(E60*3.95*1.02%))/12+((E33+E37)*39.8%*3.95)*1.02%/12) -> 11.984391 | F86: =(((F38*3.95/12)+(F60*3.95*1.02%))/12+((F33+F37)*39.8%*3.95)*1.02%/12) -> 16.751085 | G86: =(((G38*3.95/12)+(G60*3.95*1.02%))/12+((G33+G37)*39.8%*3.95)*1.02%/12) -> 26.284475
A87: F | B87: Substituto na cobertura de outras ausências (especificar) | D87: 0 | E87: 0 | F87: 0 | G87: 0
B88: TOTAL | D88: =SUM(D82:D87) -> 46.365109 | E88: =SUM(E82:E87) -> 58.427105 | F88: =SUM(F82:F87) -> 78.530431 | G88: =SUM(G82:G87) -> 118.73708
A90: Submódulo 4.2 - Intrajornada | D90: Analista Suporte | E90: Analista Gestão | F90: Analista Desenvolvimento | G90: Analista de Implementação
A91: 4.2 | B91: Intrajornada | D91: Valor(R$) | E91: Valor(R$) | F91: Valor(R$) | G91: Valor(R$)
A92: A | B92: Intervalo para repouso ou alimentação | D92: 0 | E92: 0 | F92: 0 | G92: 0
B93: TOTAL | D93: 0 | E93: 0 | F93: 0 | G93: 0
A95: Quadro-Resumo do Módulo 4 - Custo de Reposição do Profissional Ausente | D95: Analista Suporte | E95: Analista Gestão | F95: Analista Desenvolvimento | G95: Analista de Implementação
A96: 4 | B96: Custo de reposição | D96: Valor (R$) | E96: Valor (R$) | F96: Valor (R$) | G96: Valor (R$)
A97: 4.1 | B97: Ausências legais | D97: =D88 -> 46.365109 | E97: =E88 -> 58.427105 | F97: =F88 -> 78.530431 | G97: =G88 -> 118.73708
A98: 4.2 | B98: Intrajornada | D98: 0 | E98: 0 | F98: 0 | G98: 0
B99: Total | D99: =SUM(D97:D98) -> 46.365109 | E99: =SUM(E97:E98) -> 58.427105 | F99: =SUM(F97:F98) -> 78.530431 | G99: =SUM(G97:G98) -> 118.73708
A101: MÓDULO 5: INSUMOS DIVERSOS | D101: Analista Suporte | E101: Analista Gestão | F101: Analista Desenvolvimento | G101: Analista de Implementação
A102: 5 | B102: Insumos Diversos | D102: Valor(R$) | E102: Valor(R$) | F102: Valor(R$) | G102: Valor(R$)
A103: A | B103: Uniformes E EPIS | D103: ='Anexo III Uniformes'!H14 -> 21.815 | E103: ='Anexo III Uniformes'!H14 -> 21.815 | F103: ='Anexo III Uniformes'!H14 -> 21.815 | G103: ='Anexo III Uniformes'!H14 -> 21.815
A104: B | B104: Materiais
A105: C | B105: Equipamentos
A106: D | B106: Outros
B107: Total de Insumos Diversos | D107: =SUM(D103:D106) -> 21.815 | E107: =SUM(E103:E106) -> 21.815 | F107: =SUM(F103:F106) -> 21.815 | G107: =SUM(G103:G106) -> 21.815
A109: MÓDULO 6: CUSTOS INDIRETOS, TRIBUTOS E LUCRO – (LUCRO PRESUMIDO) | D109: Analista Suporte | E109: Analista Gestão | F109: Analista Desenvolvimento | G109: Analista de Implementação
A110: 6 | B110: Custos Indiretos, Tributos e Lucro | C110: % | D110: Valor(R$) | E110: Valor(R$) | F110: Valor(R$) | G110: Valor(R$)
A111: A | B111: Custos Indiretos | C111: 4.8 | D111: =(D128)*$C$111/100 -> 196.41889 | E111: =(E128)*$C$111/100 -> 245.57998 | F111: =(F128)*$C$111/100 -> 320.45683 | G111: =(G128)*$C$111/100 -> 490.08714
A112: B | B112: Lucro | C112: 3.92 | D112: =(D128+D111)*$C$112/100 -> 168.10838 | E112: =(E128+E111)*$C$112/100 -> 210.18372 | F112: =(F128+F111)*$C$112/100 -> 274.26832 | G112: =(G128+G111)*$C$112/100 -> 419.44924
A113: C | B113: Tributos
B114: C.1) Tributos Federais (PIS = 0,65% e COFINS = 3%) | C114: =3+0.65 -> 3.65 | D114: =((D128+D111+D112)/(1-($C$114+$C$116)/100))*$C$114/100 -> 178.06836 | E114: =((E128+E111+E112)/(1-($C$114+$C$116)/100))*$C$114/100 -> 222.63655 | F114: =((F128+F111+F112)/(1-($C$114+$C$116)/100))*$C$114/100 -> 290.51799 | G114: =((G128+G111+G112)/(1-($C$114+$C$116)/100))*$C$114/100 -> 444.3005
B115: C.2) Tributos Estaduais (especificar)
...

Sheet Anexo IV B - Custo Total MDO
A1: (PLANILHA A SER FORNECIDA PELA PROPONENTE EM PAPEL TIMBRADO)
A2: EMPRESA (nome da empresa)
A3: CNPJ N.º : (n.º do CNPJ)
A4: ANEXO IV- B
A5: PLANILHA DE COMPOSIÇÃO DE CUSTOS E FORMAÇÃO DE PREÇOS (Anexo VII da I.N. da SLTI/MPOG n.º 5 de 26/Maio/2017
A6: Contratação de empresa para prestação de serviços continuados de Apoio Operacional, com regime de dedicação exclusiva de mão de obra, para apoio EAD do CEAD/UFF (Niterói e interior do estado do RJ.)
A7: Processo 23069.177733/2024-28
A9: Custo total da contratação
A10: ITEM | B10: DISCRIMINAÇÃO DO POSTO | C10: POSTOS | D10: FUNCIONÁRIOS | E10: VALOR MENSAL POR POSTO | F10: TOTAL MENSAL | G10: TOTAL ANUAL | H10: TOTAL 24 MÊS
A11: 1 | B11: ='Anexo II-B Salários'!B8 -> Analista de Suporte Técnico em EAD | C11: ='Anexo II-B Salários'!C8 -> 3 | D11: =C11 -> 3 | E11: ='An IV A Custo G1'!D155 -> 5197.1866 | F11: =E11*C11 -> 15591.56 | G11: =12*F11 -> 187098.72 | H11: =24*F11 -> 374197.44
A12: 2 | B12: ='Anexo II-B Salários'!B9 -> Analista de Gestão de EAD | C12: ='Anexo II-B Salários'!C9 -> 5 | D12: =C12 -> 5 | E12: ='An IV A Custo G1'!E155 -> 6497.9748 | F12: =E12*C12 -> 32489.874 | G12: =12*F12 -> 389878.49 | H12: =24*F12 -> 779756.97
A13: 3 | B13: ='Anexo II-B Salários'!B10 -> Analista de Desenvolvimento de Sistemas com ênfase em plataforma EAD | C13: ='Anexo II-B Salários'!C10 -> 6 | D13: =C13 -> 6 | E13: ='An IV A Custo G1'!F155 -> 8479.1943 | F13: =E13*C13 -> 50875.166 | G13: =12*F13 -> 610501.99 | H13: =24*F13 -> 1221004
A14: 4 | B14: ='Anexo II-B Salários'!B11 -> Analista de Implementação em Soluções de EAD | C14: ='Anexo II-B Salários'!C11 -> 3 | D14: =C14 -> 3 | E14: ='An IV A Custo G1'!G155 -> 12967.563 | F14: =E14*C14 -> 38902.688 | G14: =12*F14 -> 466832.26 | H14: =24*F14 -> 933664.52
A15: TOTAL | C15: =SUM(C11:C14) -> 17 | D15: =SUM(D11:D14) -> 17 | F15: =SUM(F11:F14) -> 137859.29 | G15: =12*F15 -> 1654311.5 | H15: =SUM(H11:H14) -> 3308622.9
